 Dungeon Crawl Stone Soup version 0.26-a0-1060-g086102a3f0 (webtiles) character file.

Game seed: 16814612311901855990

2991 timneilson the Shield-Bearer (level 9, -1/55 HPs)
             Began as a Gargoyle Fighter on Dec 13, 2020.
             Was a Priest of Okawaru.
             Killed from afar by a steam dragon (20 damage)
             ... with a ball of steam
             ... on level 9 of the Dungeon.
             The game lasted 00:17:16 (7538 turns).

timneilson the Shield-Bearer (Gargoyle Fighter)     Turns: 7538, Time: 00:17:17

Health: -1/55      AC: 18    Str: 23    XL:     9   Next: 83%
Magic:  12/12      EV:  6    Int:  9    God:    Okawaru [***...]
Gold:   503        SH: 12    Dex:  9    Spells: 8/8 levels left

rFire    . . .     SeeInvis .   a - +1 long sword
rCold    . . .     Faith    .   c - +1 kite shield
rNeg     + . .     Spirit   .   o - +0 chain mail
rPois    ∞         Reflect  .   p - +0 helmet
rElec    +         Harm     .   (no cloak)
rCorr    .         Rampage  .   (no gloves)
Will     .....                  (no boots)
Stlth    ..........             (no amulet)
HPRegen  0.18/turn              (no ring)
MPRegen  0.13/turn              (no ring)

@: no status effects
A: negative energy resistance 1, electricity resistance, unbreathing,
petrification resistance, rot immunity, AC +6
a: Heroism, Renounce Religion


You were on level 9 of the Dungeon.
You worshipped Okawaru.
Okawaru was most pleased with you.
You visited 1 branch of the dungeon, and saw 9 of its levels.

You collected 503 gold pieces.

Inventory:

Hand Weapons
 a - a +1 long sword (weapon)
Armour
 c - a +1 kite shield (worn)
 n - a +0 plate armour
 o - a +0 chain mail (worn)
 p - a +0 helmet (worn)
Wands
 i - a wand of digging (3)
 u - a wand of polymorph (9)
 w - a wand of acid (19)
 A - a wand of paralysis (14)
Scrolls
 b - 2 scrolls of blinking
 g - 4 scrolls of enchant armour
 k - 7 scrolls of teleportation
 q - 2 scrolls of remove curse
 s - a scroll of fear
 y - a scroll of fog {unknown}
 C - a scroll of amnesia
 D - a scroll of enchant weapon
 E - 2 scrolls of identify
Potions
 d - a potion of might
 e - a potion of invisibility
 f - 2 potions of resistance
 h - 2 potions of brilliance
 j - 3 potions of curing
 l - a potion of cancellation {unknown}
 m - 5 potions of mutation
 r - 8 potions of heal wounds
 t - 2 potions of haste {unknown}
 v - 2 potions of lignification {unknown}
 x - a potion of flight {unknown}
 z - a potion of magic {unknown}
 B - a potion of berserk rage {unknown}


   Skills:
 + Level 6.0 Fighting
 * Level 6.0 Long Blades
 * Level 7.6 Armour
 * Level 7.8 Shields
 + Level 4.4 Invocations
 + Level 3.4 Evocations


You had 8 spell levels left.
You didn't know any spells.
Your spell library contained the following spells:

 Spells                   Type           Power        Failure   Level
 Foxfire                  Conj/Fire      #...         100%        1
 Conjure Flame            Conj/Fire      #.......     100%        3
 Inner Flame              Hex/Fire       #.......     100%        3
 Sticky Flame             Conj/Fire      #.......     100%        4
 Fireball                 Conj/Fire      #.........   100%        5


Dungeon Overview and Level Annotations

Branches:
Dungeon (9/15)             Temple (0/1) D:7
   Lair: D:8-11         Orc: D:9-12

Altars:
Fedhas
Kikubaaqudgha
Nemelex Xobeh
Okawaru
Qazlal
Ru
Vehumet
Yredelemnul
Zin

Shops:
D:4 *   D:8 }


Innate Abilities, Weirdness & Mutations

You are resistant to torment.
Your stone body is resilient. (AC +6)
You are immune to poison.
You resist negative energy. (rN+)
You are resistant to electric shocks. (rElec)
You can survive without breathing.
You are immune to petrification.
You are immune to rotting.


Message History

The steam dragon is moderately wounded.
You are engulfed in a cloud of scalding steam.
The steam dragon bites you but does no damage.
You block the steam dragon's attack.
You closely miss the steam dragon.
The steam dragon is moderately wounded.
You are engulfed in a cloud of scalding steam.
The steam dragon bites you but does no damage.
The steam dragon barely misses you.
You hit the steam dragon.
The steam dragon is heavily wounded.
The steam dragon barely misses you.
You riposte.
You hit the steam dragon.
The steam dragon is heavily wounded.
You block the steam dragon's attack.
You hit the steam dragon.
The steam dragon is heavily wounded.
You are engulfed in a cloud of scalding steam.
The steam dragon breathes steam at you. The ball of steam hits you!!
You die...

.........# #.#
.........#####.#
...............##
................#######
......................#
............####'####.#
....######..#.......#
....# #..#.⌠...⌠.#
##### ##.#...@...#
+..§D...+ #.......#
#.⌠...⌠.# #.......#
####+####


You could see a steam dragon (catching breath).

Vanquished Creatures
  Pikel (D:7)
  2 wraiths (D:7)
  A water moccasin (D:3)
  2 sky beasts (D:5)
  2 black bears
  3 ogres
  A centaur (D:9)
  A lemure (D:7)
  2 elf zombies (D:7)
  A bullfrog (D:6)
  A troll zombie (D:7)
  3 wights (D:9)
  An electric eel (D:6)
  4 human zombies (D:7)
  2 jellies
  4 orc priests
  A bullfrog skeleton (D:7)
  A centaur skeleton (D:4)
  6 hounds
  7 orc wizards
  A hound zombie (D:7)
  3 mummies (D:7)
  7 adders
  2 shadow imps
  2 white imps
  An ooze (D:1)
  An adder zombie (D:5)
  An adder skeleton (D:5)
  5 worms
  2 dart slugs (D:1)
  3 leopard geckos
  22 orcs
  A ball python (D:5)
  9 giant cockroaches
  16 goblins
  9 hobgoblins
  7 jackals
  12 kobolds
  3 quokkas
  5 bats
  2 frilled lizards
  A jackal skeleton (D:4)
  A leopard gecko zombie (D:8)
  12 rats
174 creatures vanquished.

Vanquished Creatures (others)
  A fungus (D:2)
  2 plants (D:2)
3 creatures vanquished.

Grand Total: 177 creatures vanquished

Notes
Turn   | Place    | Note
-------+----------+-------------------------------------------
     0 | D:1      | timneilson the Gargoyle Fighter began the quest for the
                  | Orb.
     0 | D:1      | Reached XP level 1. HP: 14/14 MP: 1/1
   173 | D:1      | Reached XP level 2. HP: 3/19 MP: 2/2
   790 | D:1      | Reached XP level 3. HP: 23/23 MP: 3/3
  1240 | D:2      | Found a blossoming altar of Fedhas.
  1242 | D:2      | Found a stormy altar of Qazlal.
  1519 | D:2      | Reached XP level 4. HP: 28/28 MP: 4/4
  1528 | D:2      | Found an iron altar of Okawaru.
  1528 | D:2      | Found a radiant altar of Vehumet.
  1536 | D:2      | Became a worshipper of Warmaster Okawaru
  1894 | D:3      | Noticed a water moccasin
  1912 | D:3      | Killed a water moccasin
  1913 | D:3      | Reached skill level 1 in Invocations
  1913 | D:3      | Reached XP level 5. HP: 20/33 MP: 5/5
  2371 | D:4      | Reached XP level 6. HP: 38/38 MP: 6/6
  2395 | D:4      | Found Ohajid's Assorted Antiques.
  2404 | D:4      | Reached * piety under Okawaru
  2527 | D:4      | Reached skill level 1 in Evocations
  2758 | D:4      | You fall into a shaft and drop 2 floors!
  2761 | D:5      | Entered Level 5 of the Dungeon
  2903 | D:4      | Reached skill level 5 in Armour
  2903 | D:4      | Reached skill level 5 in Shields
  2903 | D:4      | Reached XP level 7. HP: 43/43 MP: 6/8
  3180 | D:5      | Found a stormy altar of Qazlal.
  3319 | D:5      | Found a basalt altar of Yredelemnul.
  3741 | D:5      | Reached ** piety under Okawaru
  3742 | D:5      | Reached XP level 8. HP: 40/48 MP: 9/9
  3827 | D:5      | Found a sacrificial altar of Ru.
  4551 | D:6      | Reached skill level 5 in Fighting
  4747 | D:7      | Found a staircase to the Ecumenical Temple.
  5196 | D:7      | Noticed Pikel
  5226 | D:7      | Killed Pikel
  5226 | D:7      | Reached *** piety under Okawaru
  5227 | D:7      | Reached skill level 5 in Long Blades
  5227 | D:7      | Reached XP level 9. HP: 49/54 MP: 11/11
  6032 | D:7      | Found an ancient bone altar of Kikubaaqudgha.
  6634 | D:8      | Found a glowing silver altar of Zin.
  6998 | D:8      | Found Winoggak's Gadget Shoppe.
  7399 | D:9      | Found a sparkling altar of Nemelex Xobeh.
  7538 | D:9      | Killed from afar by a steam dragon

Illustrated notes

Levels and vault maps discovered:
D:1:      evilmike_arrival_fibonacci_small, layout_basic
D:2:      layout_rooms, grunt_temple_overflow_forces_of_nature,
          chequers_temple_overflow_statue_of_worship
D:3:      layout_rooms, minmay_box_of_dots
D:4:      layout_rooms, serial_shops, shop, minmay_misc_feat_plants,
          minmay_ogre_servants
D:5:      layout_basic, general_overflow_altar, basic_altar,
          nicolae_ru_path_of_blood
D:6:      layout_cave_pools, serial_bayou_lagoon_a
D:7:      layout_basic, lemuel_mausoleum_altar_kikubaaqudgha,
          minmay_temple_entry_drinking_statues, minmay_misc_feat_ornament,
          kennysheep_generic_room_8, uniq_pikel
D:8:      layout_gridville, kennysheep_little_box, serial_shops, shop,
          serial_glass, glass_columns_b, glass_columns_a, glass_columns_c
D:9:      layout_irregular_city, tso_altar, nemelex_xobeh_ov_fountains_minmay,
          serial_shops, shop, minmay_fountain_box, uniq_gastronok

Skill      XL: |  1  2  3  4  5  6  7  8  9 |
---------------+----------------------------+-----
Long Blades    | 2 3 4 5 6 |  6.0
Shields        | 4 5 6 7 |  7.8
Armour         | 4 5 6 7 |  7.6
Fighting       | 4 5 6 |  6.0
Invocations    | 1 2 3 4 |  4.4
Evocations     | 1 2 3 |  3.4

Action                   |  1- 3 |  4- 6 |  7- 9 || total
-------------------------+-------+-------+-------++-------
Melee: Long sword        |   147 |   155 |   512 ||   814
Invok: Heroism           |       |     2 |     8 ||    10
  Use: Scroll            |     8 |     5 |     7 ||    20
Armor: Scale mail        |    79 |    59 |    36 ||   174
       Chain mail        |       |       |   228 ||   228
Dodge: Dodged            |    58 |    49 |   121 ||   228
Block: Kite shield       |    94 |   103 |   265 ||   462
       Rpst.: Long sword |    20 |    15 |    42 ||    77

Table legend: (Time is in decaauts)
 A = Elapsed time spent in this place.
 B = Non-inter-level travel time spent in this place.
 C = Inter-level travel time spent in this place.
 D = Time resting spent in this place.
 E = Time spent auto-exploring this place.
 F = Levels seen in this place.
 G = Mean time per level.
                   A        B        C        D        E       F      G
               +--------+--------+--------+--------+--------+-----+--------+
         Total |   7747 |   7635 |    112 |    116 |   5701 |   9 |  860.8 |
       Dungeon |   7747 |   7635 |    112 |    116 |   5701 |   9 |  860.8 |
               +--------+--------+--------+--------+--------+-----+--------+

Top non-repeatable levels by time:
     D:7: 1702 daAuts
     D:1: 1265 daAuts
     D:5: 1157 daAuts
     D:8: 952 daAuts
     D:3: 763 daAuts
     D:4: 704 daAuts
     D:6: 638 daAuts
     D:2: 368 daAuts
     D:9: 195 daAuts
